Map: Terrasses de Prion

Players

GosuHaube

  • Race: Zerg Zerg
  • League: Master

Slide - Winner!

  • Race: Terran Terran
  • League: Master

VOD

https://www.youtube.com/watch?v=MRnWLYNVBj4

Description

Time

  • Played on: Dec. 6, 2015, 5 p.m.
  • Length: 5:50
Show
View Real Time Build Order
Export as new Build Order

GosuHaube Zerg 

Build Orders: Hatch First 

Get SALT Encoding   

  12  0:01  Drone  
  13  0:08  Drone  
  14  0:19  Drone, Extractor  
  15  0:37  Hatchery  
  14  0:43  Drone, Extractor  
  15  0:56  Spawning Pool  
  14  1:01  Extractor  
  14  1:03  Drone  
  15  1:08  Overlord  
  15  1:27  Drone  
  15  1:28  Drone x2  
  15  1:31  Extractor  
  17  1:39  Drone  
  18  1:45  Queen  
  20  1:49  Queen  
  20  1:51  Zergling x2  
  23  1:57  Overlord  
  23  2:01  Drone  
  24  2:02  Drone  
  25  2:12  Drone  
  25  2:13  Drone  
  27  2:22  Overlord  
  27  2:25  Queen  
  29  2:34  Drone x3  
  32  2:42  Metabolic Boost  
  32  2:50  Drone x2  
  34  2:54  Drone x2  
  34  2:57  Zergling x4  
  34  2:58  Zergling x2  
  39  3:07  Queen  
  38  3:23  Zergling x2  
  38  3:24  Zergling x6  
  42  3:40  Zergling x6  
  42  3:41  Zergling x2  
  44  3:43  Queen  
  44  3:49  Queen  
  41  4:07  Zergling x12  
  30  4:24  Drone x5  
  33  4:36  Zergling x2  
  33  4:37  Zergling x2  
  31  4:57  Zergling x12  
  37  5:07  Drone x2  
  36  5:24  Zergling x2  
  36  5:25  Zergling x8  
Show
View Real Time Build Order
Export as new Build Order

Slide Terran - Winner!

Build Orders:  

Get SALT Encoding   

  12  0:01  SCV  
  13  0:13  SCV  
  14  0:17  Supply Depot  
  14  0:25  SCV  
  15  0:38  Refinery  
  15  0:40  Barracks  
  15  0:43  SCV  
  16  0:55  Barracks  
  16  0:59  SCV  
  17  1:13  Barracks  
  17  1:17  SCV  
  18  1:25  Refinery  
  18  1:29  Reaper  
  19  1:34  SCV  
  22  1:53  Supply Depot  
  21  2:01  Reaper  
  21  2:02  Reaper  
  21  2:05  Reaper  
  23  2:09  Orbital Command  
  23  2:33  Reaper  
  23  2:34  Reaper  
  25  2:37  SCV, Reaper  
  25  2:41  Supply Depot  
  27  2:53  Bunker  
  27  2:55  SCV  
  28  3:05  Reaper  
  28  3:06  Reaper  
  28  3:09  Reaper  
  31  3:24  SCV  
  31  3:26  Supply Depot  
  31  3:37  SCV, Reaper  
  31  3:38  Reaper  
  33  3:43  Reaper  
  33  4:10  SCV, Reaper x2  
  33  4:14  Command Center  
  33  4:15  Reaper  
  36  4:22  SCV  
  35  4:34  SCV  
  34  4:42  Reaper x2  
  36  4:46  SCV  
  36  4:47  Reaper  
  38  4:55  Bunker  
  38  4:59  SCV  
  39  5:08  Command Center  
  39  5:11  SCV  
  39  5:14  Reaper x2  
  43  5:23  SCV  
  43  5:26  SCV  
Tags
 
Add a new tag
Caveats
  • Supply blocks, unpowered buildings, or Contaminate may cause inaccurate times.
  • Supply counts are checked every 10 seconds.